 Dungeon Sprint DCSS version bcrawl-1.30 (webtiles) character file.

Game seed: 15022160975544382226

8067413 Artagas the Conqueror (level 19, 151/151 HPs)
             Began as a Skeleton Martial Artist on Mar 10, 2021.
             Was the Champion of Wu Jian.
             Escaped with the Orb!
             The game lasted 00:43:11 (1592 turns).

Artagas the Conqueror (Skeleton Martial Artist)     Turns: 1592, Time: 00:43:12

Health: 151/151    AC: 48    Str: 34    XL:     19   Next: 12%
Magic:  49/50      EV: 19    Int:  7    God:    Wu Jian [******]
Gold:   0          SH: 43    Dex: 14    Spells: 71/72 levels left

rFire    + + .     SeeInvis +   y - +6 shillelagh "Devastator" {shatter}
rCold    + . .     Gourm    .   u - +18 shield of the Gong {rElec rN+ MR+ EV-5}
rNeg     + + +     Faith    .   t - +15 Maxwell's patent armour {-Cast -Tele rElec MR+ rCorr}
rPois    ∞         Spirit   +   B - +0 mask of the Dragon {MR+ Slay+3 SInv}
rElec    +         Reflect  +   c - +2 cloak of the Thief {+Fog +Inv Slay-2 SInv Stlth+}
rCorr    +         Harm     .   R - +2 pair of gloves of Past Mistakes {rF++ Regen+ Str-5 Stlth+}
MR       +++++     NoTele   +   k - +1 pair of boots "Xeimyog" {Regen+} Stlth +.........NoCast +
                                K - +5 amulet of reflection
HPRegen  1.15/turn              D - ring "Yguseosi" {rCorr Str+4 Dex+3 SInv}
MPRegen  0.32/turn              a - +7 ring of strength

@: studying 6 skills
A: no food or potions, cold resistance 1, deterioration 1, negative energy
resistance 3, powered by death 2, torment resistance, unbreathing, magic shield,
sturdy frame 2, spell healing
0: Orb of Zot
a: Wall Jump, Serpent's Lash, Heavenly Storm, Renounce Religion, Evoke Fog,
Evoke Invisibility


You escaped.
You worshipped Wu Jian.
Wu Jian was exalted by your worship.
You were not hungry.

You visited 1 branch

Inventory:

Hand Weapons
 h - the +9 short sword of the Extremes {pierce, rPois rF+}
   (You found it in the Dungeon)

   It will always inflict at least some extra damage.
   This minimum extra damage increases with your current reserve of magical
   power.
   It protects you from fire.
   It protects you from poison.
 x - the +6 broad axe of Plague {chop, +Blink rF++}
   (You took it off a skeletal warrior in the Dungeon)

   It will always inflict at least some extra damage.
   This minimum extra damage increases with your current reserve of magical
   power.
   It greatly protects you from fire.
   It lets you blink.
 y - the +6 shillelagh "Devastator" (weapon) {shatter}
   (You found it in the Dungeon)
 A - the +8 dagger of the Ship {protect, rElec rPois rC+}
   (You found it in the Dungeon)

   It grants its wielder temporary protection when it strikes (+7 to AC).
   It protects you from cold.
   It insulates you from electricity.
   It protects you from poison.
 E - the +7 hand axe "Qiprotty" {chop, rC+ rN+ MR+}
   (You found it in the Dungeon)

   It will always inflict at least some extra damage.
   This minimum extra damage increases with your current reserve of magical
   power.
   It protects you from cold.
   It protects you from negative energy.
   It affects your resistance to hostile enchantments.
 G - the +9 dagger of Departure {pierce, +Fly rF+ Str+2 SInv}
   (You found it in the Dungeon)

   It will always inflict at least some extra damage.
   This minimum extra damage increases with your current reserve of magical
   power.
   It affects your strength (+2).
   It protects you from fire.
   It lets you see invisible.
   It lets you fly.
 S - the +6 hand axe "Sarcophage" {flame, rPois rF++ Str+4}
   (You found it in the Dungeon)

   It has been specially enchanted to surge with flame as it hits, increasing
   damage dealt by approximately one third against foes not resistant or
   susceptible to fire.
   Its heat also prevents any hydra heads it cuts off from regrowing.
   It affects your strength (+4).
   It greatly protects you from fire.
   It protects you from poison.
Missiles
 H - 3 throwing nets {=f}
Armour
 c - the +2 cloak of the Thief (worn) {+Fog +Inv Slay-2 SInv Stlth+}
   (You found it in the Dungeon)

   It affects your accuracy and damage with ranged weapons and melee attacks
   (-2).
   It lets you see invisible.
   It lets you turn invisible.
   It makes you more stealthy.
 k - the +1 pair of boots "Xeimyog" (worn) {Regen+}
   (You found it in the Dungeon)

   It increases your rate of regeneration.
 p - the +9 scales of the Dragon King {rPois rF+ rC+ MR+}
   (You found it in the Dungeon)

   It protects you from fire.
   It protects you from cold.
   It protects you from poison.
   It affects your resistance to hostile enchantments.
 t - the +15 Maxwell's patent armour (worn) {-Cast -Tele rElec MR+ rCorr}
   (You found it in the Dungeon)

   It insulates you from electricity.
   It affects your resistance to hostile enchantments.
   It prevents spellcasting.
   It prevents most forms of teleportation.
   It provides partial protection from all sources of acid and corrosion.
 u - the +18 shield of the Gong (worn) {rElec rN+ MR+ EV-5}
   (You found it in the Dungeon)

   It affects your evasion (-5).
   It insulates you from electricity.
   It protects you from negative energy.
   It affects your resistance to hostile enchantments.
 v - the +8 plate armour of Youthful Indiscretion {rF+ MR+ rCorr Dex+3}
   (You found it in the Dungeon)

   It affects your dexterity (+3).
   It protects you from fire.
   It affects your resistance to hostile enchantments.
   It provides partial protection from all sources of acid and corrosion.
 B - the +0 mask of the Dragon (worn) {MR+ Slay+3 SInv}
   (You found it in the Dungeon)

   It affects your accuracy and damage with ranged weapons and melee attacks
   (+3).
   It affects your resistance to hostile enchantments.
   It lets you see invisible.
 R - the +2 pair of gloves of Past Mistakes (worn) {rF++ Regen+ Str-5 Stlth+}
   (You found it in the Dungeon)

   It affects your strength (-5).
   It greatly protects you from fire.
   It increases your rate of regeneration.
   It makes you more stealthy.
 U - the +1 hat of Evolution {rF++ Slay-4}
   (You found it in the Dungeon)

   It affects your accuracy and damage with ranged weapons and melee attacks
   (-4).
   It greatly protects you from fire.
 Z - the +0 helmet of Simed {rElec rC+ Str-2 Dex+2}
   (You found it in the Dungeon)

   It affects your strength (-2).
   It affects your dexterity (+2).
   It protects you from cold.
   It insulates you from electricity.
Magical Staves
 Y - an uncursed staff of poison
   (You found it in the Dungeon)
Jewellery
 a - a +7 ring of strength (right hand)
   (You found it in the Dungeon)
 f - an uncursed ring of protection from fire
   (You found it in the Dungeon)
 j - the ring "Xoxkey" {rC+ rCorr Str-2 Int+3 Dex+6}
   (You found it in the Dungeon)

   [ring of resist corrosion]

   It affects your strength (-2).
   It affects your intelligence (+3).
   It affects your dexterity (+6).
   It protects you from cold.
   It provides partial protection from all sources of acid and corrosion.
 m - an uncursed ring of protection from magic
   (You found it in the Dungeon)
 n - the cursed ring of Juoqe {rPois rF+ rC- MR+}
   (You found it in the Dungeon)

   [ring of protection from magic]

   It protects you from fire.
   It makes you vulnerable to cold.
   It protects you from poison.
   It affects your resistance to hostile enchantments.
   It has a curse placed upon it.
 s - the ring of Kiodifeq {rC+ Str-2 Int+5 Dex+9}
   (You found it in the Dungeon)

   [ring of protection from cold]

   It affects your strength (-2).
   It affects your intelligence (+5).
   It affects your dexterity (+9).
   It protects you from cold.
 D - the ring "Yguseosi" (left hand) {rCorr Str+4 Dex+3 SInv}
   (You found it in the Dungeon)

   [ring of resist corrosion]

   It affects your strength (+4).
   It affects your dexterity (+3).
   It lets you see invisible.
   It provides partial protection from all sources of acid and corrosion.
 K - a +5 amulet of reflection (around neck)
   (You found it in the Dungeon)
 Q - the ring "Xuudwonnou" {rElec rF+ MP+9 Str+4}
   (You found it in the Dungeon)

   [ring of strength]

   It affects your strength (+4).
   It protects you from fire.
   It insulates you from electricity.
   It affects your magic capacity (+9).
Wands
 e - a wand of disintegration (7)
   (You found it in the Dungeon)
 g - a wand of acid (7)
   (You found it in the Dungeon)
 l - a wand of iceblast (7)
   (You found it in the Dungeon)
Scrolls
 b - 9 scrolls of fog
 d - 2 scrolls of fear
 q - 8 scrolls of enchant weapon
 r - 5 scrolls of identify
 w - 5 scrolls of remove curse
 z - 4 scrolls of blinking
 P - a scroll of silence
 T - 6 scrolls of brand weapon
Miscellaneous
 i - 9 boxes of beasts
 o - a lightning rod (4/4)
   (You found it in the Dungeon)
 C - 7 phantom mirrors
 F - a lamp of fire
   (You found it in the Dungeon)
 O - a lightning rod (4/4)
   (You found it in the Dungeon)
 W - a phial of floods
   (You found it in the Dungeon)
 X - a sack of spiders
   (You found it in the Dungeon)


   Skills:
 O Level 27 Fighting
 - Level 8.0 Short Blades
 + Level 24.2 Maces & Flails
 O Level 27 Armour
 O Level 27 Dodging
 - Level 1.2 Stealth
 O Level 27 Shields
 - Level 3.6 Unarmed Combat
 O Level 27 Spellcasting
 - Level 1.1 Hexes
 + Level 21.6 Evocations


You had 71 spell levels left.
You knew the following spells:

 Your Spells              Type           Power        Failure   Level  Hunger
a - Confusing Touch       Hex            ##......     8%          1    N/A

Your spell library contained the following spells:

 Spells                   Type           Power        Failure   Level  Hunger
 Corona                   Hex            ##.....      8%          1    N/A
 Throw Frost              Conj/Ice       #.....       8%          2    N/A
 Animate Skeleton         Necr           N/A          12%         1    N/A
 Blink Other              Tloc           #.....       12%         1    N/A
 Flame Tongue             Conj/Fire      #....        12%         1    N/A
 Freeze                   Ice            #.....       12%         1    N/A
 Infusion                 Chrm           #.......     12%         1    N/A
 Pain                     Necr           #.....       12%         1    N/A
 Sandblast                Erth           #.....       12%         1    N/A
 Shock                    Conj/Air       #....        12%         1    N/A
 Sting                    Conj/Pois      #...         12%         1    N/A
 Summon Butterflies       Summ           #.......     12%         1    N/A
 Ensorcelled Hibernation  Hex/Ice        ##....       14%         2    N/A
 Call Imp                 Summ           #.....       19%         2    N/A
 Corpse Rot               Necr           N/A          19%         2    N/A
 Poisonous Vapours        Pois/Air       #.....       19%         2    N/A
 Song of Slaying          Chrm           #.......     19%         2    N/A
 Dazzling Orbs            Conj/Hex       ##.....      28%         3    N/A
 False Image              Hex/Summ       ##......     28%         3    N/A
 Inner Flame              Hex/Fire       N/A          28%         3    N/A
 Call Canine Familiar     Summ           #.......     34%         3    N/A
 Conjure Flame            Conj/Fire      #.......     34%         3    N/A
 Iskenderun's Mystic Bla  Conj           #.......     34%         3    N/A
 Ozocubu's Armour         Chrm/Ice       #.......     34%         3    N/A
 Recall                   Summ/Tloc      N/A          34%         3    N/A
 Stone Arrow              Conj/Erth      #.....       34%         3    N/A
 Teleport Other           Tloc           #.......     34%         3    N/A
 Vampiric Draining        Necr           #.........   34%         3    N/A
 Animate Dead             Necr           N/A          75%         4    N/A
 Sticky Flame             Conj/Fire      #.......     75%         4    N/A
 Summon Ice Beast         Ice/Summ       #.......     75%         4    N/A
 Summon Scorpions         Summ/Pois      #.......     75%         4    N/A
 Silence                  Hex/Air        ##........   95%         5    N/A
 Bolt of Draining         Conj/Necr      #.........   97%         5    N/A
 Bolt of Magma            Conj/Fire/Erth #.........   97%         5    N/A
 Iskenderun's Battlesphe  Conj/Chrm      #.......     97%         5    N/A
 Lightning Bolt           Conj/Air       #.........   97%         5    N/A
 Piercing Shot            Chrm           #.........   97%         5    N/A
 Summon Demon             Summ           #.........   97%         5    N/A
 Venom Bolt               Conj/Pois      #.........   97%         5    N/A
 Bolt of Cold             Conj/Ice       #.........   100%        6    N/A
 Borgnjor's Vile Clutch   Necr/Erth      #.........   100%        6    N/A
 Conjure Ball Lightning   Conj/Air       #.........   100%        6    N/A
 Death Channel            Chrm/Necr      #.........   100%        6    N/A
 Deflect Missiles         Chrm/Air       #.........   100%        6    N/A
 Dispersal                Tloc           #.........   100%        6    N/A
 Freezing Cloud           Ice/Air        #.........   100%        6    N/A
 Infestation              Hex/Tmut/Pois  #........    100%        6    N/A
 Invisibility             Hex            ##......     100%        6    N/A
 Ozocubu's Refrigeration  Ice            #.........   100%        6    N/A
 Shadow Creatures         Summ           N/A          100%        6    N/A
 Simulacrum               Ice/Necr       #.........   100%        6    N/A
 Controlled Blink         Tloc           #.......     100%        7    N/A
 Icicle Burst             Conj/Ice       #.........   100%        7    N/A
 Monstrous Menagerie      Summ           #.........   100%        7    N/A
 Spellforged Servitor     Conj/Summ      #.........   100%        7    N/A
 Time Stop                Chrm/Tloc      N/A          100%        8    N/A
 Fire Storm               Conj/Fire      #.........   100%        9    N/A
 Sublimation of Blood     Necr           Unusable     N/A         2    N/A
 Regeneration             Chrm/Necr      Unusable     N/A         3    N/A
 Spider Form              Tmut/Pois      Unusable     N/A         3    N/A
 Ice Form                 Ice/Tmut       Unusable     N/A         4    N/A
 Passage of Golubria      Tloc           Unusable     N/A         5    N/A
 Statue Form              Tmut/Erth      Unusable     N/A         6    N/A

Dungeon Overview and Level Annotations

Branches:
Dungeon (1/1)

Altars:
Ashenzari
Cheibriados
Dithmenos
Elyvilon
Fedhas
Gozag
Hepliaklqana
Kikubaaqudgha
Lugonu
Makhleb
Nemelex Xobeh
Okawaru
Qazlal
Ru
Sif Muna
Trog
Uskayaw
Vehumet
Wu Jian
Xom
Yredelemnul
Zin
The Shining One
Beogh
Jiyva


Innate Abilities, Weirdness & Mutations

You do not eat or drink.
You are immune to poison.
Your flesh is cold resistant. (rC+)
Your body sometimes deteriorates upon taking damage.
You are immune to negative energy. (rN+++)
You regenerate health from kills.
You are immune to unholy pain and torment.
You can survive without breathing.
When hurt, damage is shared between your health and your magic reserves.
Your movements are less encumbered by armour. (ER -4)
Casting spells heals you.


Message History

Moving in this stuff is going to be slow.
The kraken squirts a massive cloud of ink into the water!
Tentacles burst out of the water! 3 tentacles come into view.
You see here a +0 great mace of protection.
You bludgeon the tentacle!!
The tentacles and the kraken shudder.
You kill the tentacle!
The tentacle is heavily wounded.
The tentacle is moderately wounded.
The kraken is almost dead.
You kill the kraken!
The Council accepts your kill.
The dead kraken's tentacles slide back into the water.
You hear a splash.
Your Maces & Flails skill increases to level 24!
You pick up a manual of Unarmed Combat and begin studying.
Why would you want to do that?
Unknown command.
E - the +7 hand axe "Qiprotty" {chop, rC+ rN+ MR+} You see here a lightning rod (4/4).
Why would you want to do that?
You see here a lamp of fire.
You see here a fan of gales (2/2).
You see here a book of Maledictions.
You see here a Fen Folio.
Why would you want to do that?
Unknown command.
You pick up the Papyrus of the Boosting Oath and begin reading...
You add the spells Inner Flame and Invisibility to your library.
You see here a +5 ring of strength.
You see here an uncursed staff of fire.
Tentacles burst out of the water! 4 tentacles come into view.
Press: ? - help, v - describe, . - travel This square is lit by a halo.
There is a cloud of golden dust here.
You spin and attack the tentacle repeatedly.
You sock the tentacle!
The tentacles and the kraken shudder.
The tentacle is moderately wounded.
The kraken is lightly wounded.
The tentacle is lightly wounded.
The tentacle is moderately wounded.
You bludgeon the tentacle!!
The kraken and the tentacle shudder.
The kraken is moderately wounded.
The tentacle is heavily wounded.
You kill the tentacle!
You spin and attack the tentacle repeatedly.
You thump the tentacle!
The tentacles and the kraken shudder.
The tentacle is severely wounded.
The tentacle is lightly wounded.
The kraken is heavily wounded.
The tentacle is lightly wounded.
The tentacle is severely wounded.
You thump the tentacle!
The tentacles and the kraken shudder.
The tentacle is almost dead.
The tentacle is moderately wounded.
The kraken is severely wounded.
The tentacle is moderately wounded.
The tentacle is almost dead.
The tentacle slaps you but does no damage.
You enter the shallow water.
Moving in this stuff is going to be slow.
You spin and attack the tentacle repeatedly.
You flatten the tentacle like a pancake!!!
The tentacles shudder.
The tentacle is heavily wounded.
You kill the tentacle! x2; You kill the kraken!
The Council accepts your kill.
The dead kraken's tentacles slide back into the water.
Why would you want to do that?
Unknown command.
Why would you want to do that?
You enter the shallow water.
Moving in this stuff is going to be slow.
G - the +9 dagger of Departure {pierce, +Fly rF+ Str+2 SInv}
There are no items here.
Press: ? - help, v - describe, . - travel, g - get item You see here a manual of Staves.
There is a cloud of golden dust here.
You pick up a manual of Invocations and begin studying.
You see here a sack of spiders.
You pick up a manual of Staves and begin studying.
You see here a book of Air.
You see here a book of Annihilations.
You pick up the Almanac of Congealing Evil and begin reading...
You add the spell Animate Dead to your library.
You pick up the Tome of the Bull and begin reading...
You add the spells Summon Butterflies, Shadow Creatures and Monstrous Menagerie to your library.
The heavenly storm settles.
There is a transporter here.
An exit appears before you!
You enter the transporter and appear at another place.
Found the Orb of Zot.
Found a staircase leading out of the dungeon.
Unknown command.
You see here the Orb of Zot.
You pick up the Orb of Zot!
The Orb lets out a hideous shriek!
The lords of Pandemonium are not amused.
Beware!
Now all you have to do is get back out of the dungeon!
There is a staircase leading out of the dungeon here.
You have escaped!

..☼☼☼§§§§...▓..▓§§§☼...▓..▓...8©8
..§§☼☼☼☼☼☼..▓b▓.▓☼§☼..▓.▓.▓..[)..
..§§☼☼§§☼☼..▓..▓☼☼§§...▓..▓..).)=
...§§§☼☼☼☼..▓.............▓......
....☼§§☼§§..▓%.....©......▓...†).
...☼○§☼☼☼§..▓▓▓▓▓▓▓▓▓▓▓▓▓▓▓...†..
▓....○§☼▓...▓8888888888888▓......
.▓..○☼§▓☼▓..▓8...........8▓..▓...
▓...☼§§ ▓...▓8..@.....©..8▓......
...§§§☼ ...▓8...........8▓....©.
..§§§☼☼ ..▓8888888888888▓▓ ▓▓▓▓
▓▓▓▓▓▓▓▓▓▓▓▓▓▓▓▓▓▓▓▓▓▓▓▓▓▓▓▓▓▓▓▓▓
.....8©8........▓........8©8.....
=..}[|}.[|..||..▓.}[..).:)}..:.".
=[.):((.}..}..|.▓..|.|..}.}.....|
.})(.())).[..|..▓...})}....:.."|}
...(([((........▓.........||}....


There were no monsters in sight!

Vanquished Creatures
  2 ancient liches (D)
  A greater mummy (D)
  A golden dragon (shapeshifter) (D)
  A shard shrike (shapeshifter) (D)
  3 caustic shrikes (shapeshifter) (D)
  An iron giant (shapeshifter) (D)
  7 liches (D)
  A Hell Sentinel (D)
  4 deep elf master archers (D)
  2 acid blobs (D)
  5 titans (shapeshifter) (D)
  5 krakens (D)
  A sphinx (shapeshifter) (D)
  A thorn hunter (D)
  2 shadow dragons (shapeshifter) (D)
  A draconian monk (D)
  A frost giant (D)
  A vault warden (D)
  An iron dragon (shapeshifter) (D)
  An emperor scorpion (shapeshifter) (D)
  A draconian scorcher (D)
  8 ghouls (D)
  6 ghost moths (D)
  An emperor scorpion (D)
  4 stone giants (D)
  A draconian shifter (D)
  9 reapers (D)
  3 draconian stormcallers (D)
  13 vampire knights (D)
  2 green draconians (D)
  An entropy weaver (D)
  An entropy weaver (shapeshifter) (D)
  A yellow draconian (D)
  A purple draconian (D)
  5 red draconians (D)
  6 white draconians (D)
  8 black draconians (D)
  A spark wasp (D)
  A mummy priest (D)
  8 merfolk javelineers (D)
  3 death oozes (D)
  5 yaktaur captains (D)
  2 vault guards (D)
  A great orb of eyes (D)
  4 spriggan air magi (D)
  An ice dragon (D)
  4 hydras (D)
  A catoblepas (D)
  3 centaur warriors (D)
  An alligator (shapeshifter) (D)
  2 death yaks (shapeshifter) (D)
  2 anacondas (shapeshifter) (D)
  8 vampire magi (D)
  A death yak (D)
  2 spriggan berserkers (D)
  A death drake (shapeshifter) (D)
  21 skeletal warriors (D)
  2 spriggan druids (D)
  A glowing orange brain (shapeshifter) (D)
  An orange crystal statue (D)
  6 cyclopes (D)
  20 necromancers (D)
  5 orb spiders (D)
  5 wolf spiders (D)
  A manticore (shapeshifter) (D)
  2 slime creatures (D)
  2 elephants (D)
  2 moths of wrath (D)
  2 elephants (shapeshifter) (D)
  A guardian serpent (shapeshifter) (D)
  A vault sentinel (D)
  4 black mambas (D)
  3 water nymphs (shapeshifter) (D)
  A cane toad (shapeshifter) (D)
  An eye of devastation (shapeshifter) (D)
  6 rust devils (D)
  2 hellions (D)
  A cane toad (D)
  9 tormentors (D)
  A yaktaur (shapeshifter) (D)
  4 demonic crawlers (D)
  11 yaktaurs (D)
  2 rime drakes (shapeshifter) (D)
  A komodo dragon (D)
  An ancient zyme (D)
  4 dryads (D)
  6 rime drakes (D)
  3 komodo dragons (shapeshifter) (D)
  2 freezing wraiths (D)
  2 guardian mummies (D)
  5 ice devils (D)
  2 wind drakes (D)
  6 jumping spiders (D)
  2 meliai (shapeshifter) (D)
  A troll (shapeshifter) (D)
  4 merfolk (shapeshifter) (D)
  5 merfolk (D)
  A queen bee (shapeshifter) (D)
  9 hornets (D)
  A tyrant leech (shapeshifter) (D)
  2 polar bears (D)
  A blink frog (shapeshifter) (D)
  A hippogriff (shapeshifter) (D)
  3 blink frogs (D)
  A slime creature (shapeshifter) (D)
  A hornet (shapeshifter) (D)
  7 hippogriffs (D)
  5 flying skulls (D)
  9 redbacks (D)
  4 wraiths (D)
  14 shadows (D)
  7 tarantellas (D)
  A wyvern (D)
  3 yaks (D)
  6 vampires (D)
  An acid dragon (D)
  A crocodile (D)
  3 hell hounds (D)
  An acid dragon (shapeshifter) (D)
  3 water moccasins (D)
  2 floating eyes (shapeshifter) (D)
  An ice beast (D)
  4 orc warriors (D)
  A black bear (D)
  7 necrophages (D)
  A phantom (D)
  A wolf (D)
  3 centaurs (D)
  3 scorpions (D)
  A scorpion (shapeshifter) (D)
  14 wights (D)
  A quasit (D)
  2 orc wizards (D)
  An orc priest (D)
  4 iron imps (D)
  8 mummies (D)
  A worker ant zombie (D)
  A shadow imp (D)
  2 white imps (D)
  An ooze (D)
  3 adder zombies (D)
  4 adder skeletons (D)
  An orc (D)
  6 bat skeletons (D)
  11 bat zombies (D)
  A ball python zombie (D)
  5 giant cockroach zombies (D)
  3 jackal skeletons (D)
  4 jackal zombies (D)
  A quokka simulacrum (D)
  3 quokka skeletons (D)
  3 quokka zombies (D)
  A butterfly (D)
  9 tentacles (D)
524 creatures vanquished.

Vanquished Creatures (others)
  2 deep elf master archers (D)
  A stone giant (D)
  A yaktaur captain (D)
  A vampire mage (D)
  2 cyclopes (D)
  2 yaktaurs (D)
  2 centaurs (D)
  20 tentacles (D)
31 creatures vanquished.

Grand Total: 555 creatures vanquished

Notes
Turn   | Place    | Note
-------+----------+-------------------------------------------
     0 | D        | Artagas the Skeleton Martial Artist began the quest for the
                  | Orb.
     0 | D        | Reached XP level 1. HP: 14/14 MP: 3/3
     2 | D        | Found a blossoming altar of Fedhas.
     3 | D        | Found the +6 Majin-Bo {vamp, *Drain Str+12 Int+24}
     3 | D        | Found the +9 heavy crossbow "Sniper" {velocity, Acc+∞ SInv}
     3 | D        | Found the +10 dark maul {crush}
     3 | D        | Found the +15 Maxwell's patent armour {-Cast -Tele rElec
                  | MR+ rCorr}
     3 | D        | Found the +18 shield of the Gong {rElec rN+ MR+ EV-5}
     3 | D        | Found the cursed +14 obsidian axe {chop, +Fly SInv *Curse}
     3 | D        | Found the +7 great mace "Firestarter" {inner flame, rF++}
     3 | D        | Found the +6 shillelagh "Devastator" {shatter}
     3 | D        | Found the +11 plutonium sword {*Contam Stlth-}
     3 | D        | Found the +8 lance "Wyrmbane" {slay drac, rPois rF+ rC+
                  | AC+3}
     3 | D        | Found the +9 sword of Zonguldrok {reap}
     3 | D        | Found the cursed +13 scythe of Curses {drain, *Curse}
     3 | D        | Found the +0 sword of Power
     3 | D        | Found the +7 mace of Variability {chain chaos}
     3 | D        | Found the +7 Singing Sword {slice}
     3 | D        | Found the +7 longbow "Piercer" {penet, EV-2}
     3 | D        | Found a viscous altar of Jiyva.
     3 | D        | Found a hazy altar of Hepliaklqana.
     3 | D        | Found a transporter.
     3 | D        | Found an opulent altar of Gozag.
     3 | D        | Found an ancient bone altar of Kikubaaqudgha.
     3 | D        | Found a corrupted altar of Lugonu.
     7 | D        | Found a burning altar of Makhleb.
     9 | D        | Found a sacrificial altar of Ru.
     9 | D        | Found a shimmering blue altar of Sif Muna.
     9 | D        | Found a stormy altar of Qazlal.
     9 | D        | Found a bloodstained altar of Trog.
     9 | D        | Found an iron altar of Okawaru.
     9 | D        | Found a sparkling altar of Nemelex Xobeh.
   116 | D        | Entered arena 2.
   116 | D        | Noticed a wolf
   116 | D        | Noticed a black bear
   116 | D        | Found a transporter.
   118 | D        | Killed a black bear
   118 | D        | Killed a wolf
   119 | D        | Reached skill level 6 in Fighting
   119 | D        | Reached skill level 4 in Armour
   119 | D        | Reached skill level 8 in Fighting
   119 | D        | Reached skill level 6 in Armour
   119 | D        | Reached skill level 4 in Shields
   119 | D        | Reached skill level 9 in Fighting
   119 | D        | Reached XP level 2. HP: 27/27 MP: 4/4
   119 | D        | Reached XP level 3. HP: 31/31 MP: 5/5
   119 | D        | Reached XP level 4. HP: 36/36 MP: 6/6
   119 | D        | Reached XP level 5. HP: 41/41 MP: 7/7
   137 | D        | Entered arena 3.
   137 | D        | Found a transporter.
   138 | D        | Reached ** piety under Wu Jian
   141 | D        | Reached skill level 2 in Maces & Flails
   143 | D        | Got Vehimm's Volume of the Volcanoes and Snow
   149 | D        | Entered arena 4.
   149 | D        | Noticed an ancient zyme
   149 | D        | Found a transporter.
   152 | D        | Reached *** piety under Wu Jian
   153 | D        | Reached skill level 5 in Maces & Flails
   165 | D        | Killed an ancient zyme
   166 | D        | Reached skill level 10 in Maces & Flails
   166 | D        | Reached skill level 11 in Maces & Flails
   166 | D        | Gained mutation: You regenerate a little health from kills.
                  | [Skeleton growth]
   166 | D        | Reached XP level 6. HP: 43/46 MP: 8/8
   173 | D        | Entered arena 5.
   173 | D        | Found a transporter.
   175 | D        | Reached **** piety under Wu Jian
   177 | D        | Reached skill level 12 in Maces & Flails
   177 | D        | Reached skill level 4 in Short Blades
   177 | D        | Reached XP level 7. HP: 51/51 MP: 9/9
   182 | D        | Got the ring "Xuudwonnou" {rElec rF+ MP+9 Str+4}
   190 | D        | Reached skill level 6 in Short Blades
   217 | D        | Entered arena 6.
   217 | D        | Noticed a tarantella
   217 | D        | Noticed a tarantella
   217 | D        | Found a transporter.
   218 | D        | Reached ***** piety under Wu Jian
   218 | D        | Killed a tarantella
   218 | D        | Killed a tarantella
   219 | D        | Reached skill level 8 in Short Blades
   219 | D        | Reached skill level 7 in Armour
   219 | D        | Reached skill level 6 in Shields
   220 | D        | Reached skill level 8 in Armour
   220 | D        | Reached skill level 7 in Shields
   220 | D        | Reached XP level 8. HP: 56/56 MP: 10/10
   223 | D        | Got the +2 pair of gloves of Past Mistakes {rF++ Regen+
                  | Str-5 Stlth+}
   225 | D        | Got the +6 hand axe "Sarcophage" {flame, rPois rF++ Str+4}
   227 | D        | Entered arena 7.
   227 | D        | Noticed a vault guard
   227 | D        | Noticed a vault warden
   227 | D        | Noticed a yaktaur
   227 | D        | Noticed a vault guard
   227 | D        | Noticed a stone giant
   227 | D        | Noticed a vault sentinel
   228 | D        | Identified the cursed +0 long sword of Luxury {protect,
                  | rPois Dex+2 Stlth+}
   228 | D        | Identified the +4 mace "Hafel" {drain, *Slow rPois rF+}
   228 | D        | Found a transporter.
   231 | D        | Killed a yaktaur
   231 | D        | Reached skill level 9 in Armour
   231 | D        | Reached skill level 8 in Shields
   231 | D        | Killed a vault guard
   232 | D        | Reached skill level 11 in Armour
   232 | D        | Reached skill level 11 in Shields
   232 | D        | Reached XP level 9. HP: 50/60 MP: 11/11
   232 | D        | Killed a vault warden
   232 | D        | Killed a vault guard
   233 | D        | Reached skill level 12 in Shields
   233 | D        | Reached skill level 13 in Shields
   233 | D        | Reached skill level 11 in Fighting
   233 | D        | Reached skill level 9 in Spellcasting
   233 | D        | Gained mutation: Your movements are less encumbered by
                  | armour. (ER -4) [Skeleton growth]
   233 | D        | Reached XP level 10. HP: 60/70 MP: 17/23
   233 | D        | Killed a vault sentinel
   234 | D        | Reached skill level 12 in Fighting
   234 | D        | Reached skill level 10 in Spellcasting
   234 | D        | Reached skill level 2 in Evocations
   234 | D        | Killed a stone giant
   234 | D        | Reached ****** piety under Wu Jian
   235 | D        | Reached skill level 6 in Evocations
   240 | D        | Got the +5 shortbow "Gejopnev" {velocity, rElec MP+9 Str+2
                  | Dex-5}
   244 | D        | Entered arena 8.
   245 | D        | Found a transporter.
   248 | D        | Reached skill level 13 in Maces & Flails
   259 | D        | Entered arena 9.
   259 | D        | Noticed a greater mummy
   259 | D        | Noticed a mummy priest
   261 | D        | Found a transporter.
   263 | D        | Reached skill level 14 in Maces & Flails
   263 | D        | Killed a mummy priest
   263 | D        | Reached skill level 13 in Fighting
   263 | D        | Noticed a reaper
   266 | D        | Killed a greater mummy
   267 | D        | Reached skill level 17 in Fighting
   267 | D        | Reached XP level 11. HP: 84/86 MP: 22/25
   272 | D        | Got the +0 helmet of Simed {rElec rC+ Str-2 Dex+2}
   312 | D        | Entered arena 10.
   313 | D        | Found a transporter.
   318 | D        | Reached skill level 18 in Fighting
   322 | D        | Got the Collected Works on Supportive Confrontation
   329 | D        | Got the Catalogue of the Displaced Arsonist
   338 | D        | Entered arena 11.
   339 | D        | Found a transporter.
   349 | D        | Reached skill level 19 in Fighting
   355 | D        | Got the cursed +0 robe "Edeth" {MR+}
   359 | D        | Got the +2 short sword "Vur Guts" {venom, *Slow rElec rC+}
   381 | D        | Entered arena 12.
   381 | D        | Noticed an acid blob
   381 | D        | Noticed a death ooze
   381 | D        | Noticed a great orb of eyes
   382 | D        | Noticed a death ooze
   382 | D        | Noticed a death ooze
   382 | D        | Noticed an acid blob
   384 | D        | Found a transporter.
   385 | D        | Killed an acid blob
   386 | D        | Reached skill level 20 in Fighting
   386 | D        | Reached XP level 12. HP: 78/96 MP: 26/26
   386 | D        | Killed a death ooze
   387 | D        | Killed a death ooze
   388 | D        | Killed a death ooze
   389 | D        | Reached skill level 21 in Fighting
   389 | D        | Killed an acid blob
   389 | D        | Killed a great orb of eyes
   390 | D        | Reached skill level 22 in Fighting
   400 | D        | Entered arena 13.
   400 | D        | Noticed a frost giant
   400 | D        | Noticed an ice dragon
   401 | D        | Identified the cursed ring "Nait" {Fire Dex+9}
   402 | D        | Found a transporter.
   403 | D        | Found the +12 glaive of Prune {chop, lignify}
   403 | D        | Killed an ice dragon
   405 | D        | Killed a frost giant
   406 | D        | Reached skill level 23 in Fighting
   413 | D        | Got the +1 hat of Evolution {rF++ Slay-4}
   428 | D        | Entered arena 14.
   429 | D        | Noticed an entropy weaver
   432 | D        | Found a transporter.
   437 | D        | Reached XP level 13. HP: 105/109 MP: 27/27
   437 | D        | Killed an entropy weaver
   438 | D        | Reached skill level 24 in Fighting
   459 | D        | Got Sif Muna's Catalogue of Excruciating Evil
   461 | D        | Got the Compendium of Dislocated Necromancy
   471 | D        | Entered arena 15.
   475 | D        | Found a transporter.
   485 | D        | Got the ring "Xoxkey" {rC+ rCorr Str-2 Int+3 Dex+6}
   491 | D        | Got the +1 pair of boots "Xeimyog" {Regen+}
   507 | D        | Got Muchaaj's Grimoire of Orientation
   509 | D        | Entered arena 16.
   510 | D        | Noticed a reaper
   511 | D        | Noticed a reaper
   513 | D        | Found a transporter.
   518 | D        | Reached skill level 25 in Fighting
   519 | D        | Killed a reaper
   520 | D        | Killed a reaper
   528 | D        | Entered arena 17.
   531 | D        | Noticed a spark wasp
   532 | D        | Found the +9 staff of Wucad Mu {channel}
   534 | D        | Noticed a ghost moth
   535 | D        | Found a transporter.
   536 | D        | Killed a spark wasp
   537 | D        | Reached skill level 26 in Fighting
   539 | D        | Killed a ghost moth
   543 | D        | Got the cursed ring of Juoqe {rPois rF+ rC- MR+}
   545 | D        | Got the amulet of Pagast Vuos {Faith Int+4 Dex+3}
   548 | D        | Entered arena 18.
   548 | D        | Noticed a vampire knight
   551 | D        | Noticed a ghoul
   551 | D        | Noticed a ghoul
   551 | D        | Identified the +5 halberd "Aubergine" {chaos, Int+2}
   555 | D        | Killed a vampire knight
   556 | D        | Identified the +1 hunting sling "Ycsonon" {freeze, Int+5}
   556 | D        | Identified the ring of Zeaz {Wiz rElec rPois Int+3}
   559 | D        | Reached skill level 4 in Dodging
   562 | D        | Found a transporter.
   565 | D        | Killed a ghoul
   565 | D        | Killed a ghoul
   566 | D        | Reached skill level 12 in Armour
   566 | D        | Reached skill level 5 in Dodging
   566 | D        | Reached skill level 11 in Spellcasting
   798 | D        | Got the amulet of Vikluj {Acrobat +Fly Int+4 Stlth+}
   801 | D        | Entered arena 19.
   805 | D        | Noticed a thorn hunter
   805 | D        | Identified the +5 spear of Defence by Offence {venom, rElec
                  | Int+4 Stlth-}
   806 | D        | Found the +5 demon whip "Spellbinder" {antimagic, MR+}
   808 | D        | Found a transporter.
   808 | D        | Reached skill level 14 in Shields
   808 | D        | Reached XP level 14. HP: 101/120 MP: 29/29
   809 | D        | Reached skill level 6 in Dodging
   809 | D        | Killed a thorn hunter
   810 | D        | Reached skill level 27 in Fighting
   810 | D        | Reached skill level 7 in Dodging
   810 | D        | Reached skill level 12 in Spellcasting
   813 | D        | Reached skill level 13 in Armour
   813 | D        | Reached skill level 15 in Shields
   813 | D        | Reached skill level 13 in Spellcasting
   817 | D        | Reached skill level 8 in Dodging
   820 | D        | Got the +8 plate armour of Youthful Indiscretion {rF+ MR+
                  | rCorr Dex+3}
   828 | D        | Entered arena 20.
   833 | D        | Noticed a lich
   833 | D        | Noticed a vampire knight
   833 | D        | Noticed a ghoul
   833 | D        | Noticed a vampire knight
   834 | D        | Identified the +5 trident of False Hope {freeze, +Blink rC+
                  | MR+ Dex-2}
   834 | D        | Identified the ring "Batru" {rC+ Int+3}
   836 | D        | Found a transporter.
   839 | D        | Killed a lich
   840 | D        | Reached skill level 9 in Dodging
   840 | D        | Reached skill level 14 in Spellcasting
   842 | D        | Reached skill level 14 in Armour
   842 | D        | Reached skill level 16 in Shields
   842 | D        | Killed a vampire knight
   842 | D        | Reached skill level 10 in Dodging
   842 | D        | Killed a ghoul
   842 | D        | Reached skill level 15 in Spellcasting
   843 | D        | Killed a vampire knight
   844 | D        | Reached skill level 15 in Armour
   845 | D        | Reached skill level 17 in Shields
   847 | D        | Reached skill level 11 in Dodging
   877 | D        | Got the +9 short sword of the Extremes {pierce, rPois rF+}
   887 | D        | Entered arena 21.
   891 | D        | Noticed an emperor scorpion
   894 | D        | Noticed a ghost moth
   894 | D        | Noticed a ghost moth
   895 | D        | Killed a ghost moth
   895 | D        | Killed a ghost moth
   895 | D        | Found a transporter.
   895 | D        | Noticed a ghost moth
   896 | D        | Noticed a ghost moth
   896 | D        | Killed a ghost moth
   896 | D        | Noticed a ghost moth
   897 | D        | Reached skill level 16 in Armour
   897 | D        | Reached skill level 12 in Dodging
   897 | D        | Reached skill level 18 in Shields
   901 | D        | Reached skill level 17 in Armour
   903 | D        | Killed an emperor scorpion
   904 | D        | Reached skill level 18 in Armour
   904 | D        | Reached XP level 15. HP: 127/127 MP: 0/34
   905 | D        | Killed a ghost moth
   906 | D        | Reached skill level 7 in Evocations
   907 | D        | Killed a ghost moth
   911 | D        | Got the Handbook of Floating Clay
   916 | D        | Entered arena 22.
   919 | D        | Noticed a purple draconian monk
   921 | D        | Identified the cursed ring "Fonoss" {Ice +Inv}
   921 | D        | Identified the +8 rapier of the Unkillable {speed, rElec
                  | MR+ Str+7 Int-3}
   921 | D        | Noticed a purple draconian scorcher
   923 | D        | Found a transporter.
   923 | D        | Killed a purple draconian monk
   924 | D        | Reached skill level 8 in Evocations
   926 | D        | Reached skill level 9 in Evocations
   928 | D        | Reached skill level 13 in Dodging
   930 | D        | Reached skill level 19 in Shields
   930 | D        | Reached skill level 10 in Evocations
   930 | D        | Reached skill level 19 in Armour
   931 | D        | Reached skill level 11 in Evocations
   934 | D        | Reached skill level 14 in Dodging
   934 | D        | Reached skill level 12 in Evocations
   935 | D        | Reached skill level 20 in Armour
   935 | D        | Reached skill level 20 in Shields
   935 | D        | Reached skill level 13 in Evocations
   935 | D        | Killed a purple draconian scorcher
   937 | D        | Reached skill level 15 in Dodging
   939 | D        | Reached skill level 14 in Evocations
   940 | D        | Reached skill level 21 in Shields
   947 | D        | Entered arena 23.
   956 | D        | Found a transporter.
   956 | D        | Found the +9 scales of the Dragon King {rPois rF+ rC+ MR+}
   960 | D        | Reached skill level 16 in Dodging
   961 | D        | Reached skill level 21 in Armour
   961 | D        | Gained mutation: You regenerate health from kills.
                  | [Skeleton growth]
   961 | D        | Reached XP level 16. HP: 133/133 MP: 9/35
   967 | D        | Reached skill level 15 in Evocations
   976 | D        | Got the ring of Kiodifeq {rC+ Str-2 Int+5 Dex+9}
  1012 | D        | Got the ring of Punweips {Dex+3 Stlth--}
  1026 | D        | Got the +9 battleaxe "Bingo" {chop, Dex+5}
  1033 | D        | Got the +7 chain mail of Decives {+Inv}
  1067 | D        | Got the +6 long sword of the End of Times {venom, *Drain
                  | MR++ Dex-5 Stlth+}
  1075 | D        | Entered arena 24.
  1081 | D        | Noticed an ancient lich
  1081 | D        | Noticed a lich
  1083 | D        | Reached skill level 22 in Shields
  1083 | D        | Noticed an ancient lich
  1083 | D        | Identified the +8 bardiche of the Leaping Soothsayer
                  | {drain, MP+9 Str+5}
  1083 | D        | Identified the +6 broad axe of Plague {chop, +Blink rF++}
  1083 | D        | Identified the cursed +0 glaive of Qeghel {flame, rC+ rN++
                  | Int-2 Dex+2}
  1084 | D        | Identified the +4 falchion "Jarghoo" {freeze, *Drain rElec
                  | Dex+7}
  1087 | D        | Reached skill level 17 in Dodging
  1087 | D        | Killed an ancient lich
  1088 | D        | Reached skill level 22 in Armour
  1088 | D        | Reached skill level 16 in Spellcasting
  1089 | D        | Killed a lich
  1090 | D        | Reached skill level 23 in Shields
  1090 | D        | Reached skill level 17 in Spellcasting
  1091 | D        | Reached skill level 18 in Dodging
  1091 | D        | Killed an ancient lich
  1092 | D        | Reached skill level 18 in Spellcasting
  1093 | D        | Reached skill level 23 in Armour
  1095 | D        | Reached skill level 24 in Shields
  1095 | D        | Reached skill level 19 in Spellcasting
  1096 | D        | Reached skill level 19 in Dodging
  1101 | D        | Found a transporter.
  1114 | D        | Got the +8 dagger of the Ship {protect, rElec rPois rC+}
  1127 | D        | Got the Disquisition on Dusty Displacement
  1129 | D        | Got the Grimoire of Flames and the Frostbite
  1132 | D        | Got the Volume of Ashen Talismans
  1146 | D        | Entered arena 25.
  1152 | D        | Noticed a Hell Sentinel
  1155 | D        | Identified the +4 mace "Uvenem" {venom, +Inv Str+4}
  1157 | D        | Found a transporter.
  1157 | D        | Found the +0 mask of the Dragon {MR+ Slay+3 SInv}
  1163 | D        | Reached skill level 20 in Spellcasting
  1166 | D        | Reached skill level 24 in Armour
  1166 | D        | Reached skill level 20 in Dodging
  1166 | D        | Reached skill level 25 in Shields
  1166 | D        | Reached XP level 17. HP: 139/139 MP: 35/41
  1167 | D        | Killed a Hell Sentinel
  1191 | D        | Got the cursed +3 double sword of Ephen {slice, Int+4}
  1202 | D        | Got the ring "Yguseosi" {rCorr Str+4 Dex+3 SInv}
  1207 | D        | Got Tisugaagg's Handbook of Poisoning
  1209 | D        | Got the +6 war axe "Emayc" {vamp, rElec}
  1214 | D        | Got the amulet "Xoun" {Spirit +Fly rF- Str+4 Dex+2}
  1224 | D        | Entered arena 26.
  1233 | D        | Noticed a deep elf master archer
  1233 | D        | Noticed a deep elf master archer
  1234 | D        | Identified the +2 battleaxe of Blood {drain, Str+5 Dex+3}
  1234 | D        | Identified the +6 morningstar "Josy" {elec, rElec MP+9}
  1235 | D        | Noticed a deep elf master archer
  1235 | D        | Identified the +1 robe of Past Mistakes {rElec Dex+4}
  1235 | D        | Identified the +3 falchion of Lies {slice, Str+2}
  1235 | D        | Identified the cursed +0 robe "Moapyefa" {rF+ rC+}
  1236 | D        | Identified the cursed +1 leather armour "Nimn" {rF+}
  1236 | D        | Noticed a deep elf master archer
  1236 | D        | Noticed a deep elf master archer
  1236 | D        | Identified the +3 mace of Impermanence {crush, Int+3}
  1236 | D        | Identified the cursed amulet "Riuh Igusil" {Acrobat rN+}
  1237 | D        | Found a transporter.
  1237 | D        | Noticed a deep elf master archer
  1237 | D        | Identified the +8 battleaxe of Vuphiudd {holy, -Tele rF+
                  | rC+ MR++}
  1239 | D        | Killed a deep elf master archer
  1241 | D        | Reached skill level 25 in Armour
  1241 | D        | Reached skill level 21 in Dodging
  1241 | D        | Reached skill level 26 in Shields
  1241 | D        | Killed a deep elf master archer
  1243 | D        | Killed a deep elf master archer
  1243 | D        | Killed a deep elf master archer
  1245 | D        | Reached skill level 26 in Armour
  1245 | D        | Reached skill level 22 in Dodging
  1245 | D        | Reached skill level 27 in Shields
  1246 | D        | Killed a deep elf master archer
  1249 | D        | Reached skill level 23 in Dodging
  1250 | D        | Reached skill level 27 in Armour
  1251 | D        | Killed a deep elf master archer
  1252 | D        | Reached skill level 24 in Dodging
  1267 | D        | Got the Reference Book on the Creative Glacier
  1271 | D        | Got the Papyrus of Black Secrets and Snow
  1305 | D        | Got the ring "Tiopus" {rPois MR- Str-2 Dex+5 Stlth+}
  1321 | D        | Entered arena 27.
  1321 | D        | Identified the ring "Honuapru" {rElec rC+ MR+ Int-4 Stlth+}
  1321 | D        | Identified the +5 hand axe of Etwon {protect, *Slow +Blink
                  | Str+3}
  1321 | D        | Identified the cursed +1 rapier "Worm" {freeze, +Inv rC+
                  | MR+ Stlth+}
  1327 | D        | Noticed a lich
  1327 | D        | Noticed a lich
  1328 | D        | Identified the cursed +1 scythe of the Heavens {protect,
                  | rC+ Str+3 Int+3}
  1328 | D        | Identified the +1 chain mail of Qazlal's Delight {Stlth+}
  1328 | D        | Noticed a lich
  1328 | D        | Noticed a lich
  1329 | D        | Identified the +5 trident "Ultimatum" {freeze, Str+4 Dex+5}
  1330 | D        | Noticed a lich
  1332 | D        | Identified the +10 trident of Qaul {flame, rF+ Stlth+}
  1333 | D        | Reached skill level 25 in Dodging
  1336 | D        | Found a transporter.
  1337 | D        | Killed a lich
  1337 | D        | Identified the ring of Xom's Condemnation {rElec rC+
                  | Stlth+}
  1338 | D        | Reached skill level 26 in Dodging
  1338 | D        | Killed a lich
  1338 | D        | Killed a lich
  1338 | D        | Reached skill level 27 in Dodging
  1338 | D        | Reached XP level 18. HP: 143/145 MP: 38/42
  1339 | D        | Killed a lich
  1340 | D        | Reached skill level 22 in Spellcasting
  1341 | D        | Reached skill level 23 in Spellcasting
  1343 | D        | Reached skill level 24 in Spellcasting
  1346 | D        | Reached skill level 25 in Spellcasting
  1373 | D        | Found the +2 cloak of the Thief {+Fog +Inv Slay-2 SInv
                  | Stlth+}
  1432 | D        | Got Aroesal's Papyrus of Excruciating Enchantment
  1442 | D        | Got the Guide on Helpful Heat
  1445 | D        | Got Sif Muna's Tome of Ice
  1486 | D        | Entered arena 28.
  1494 | D        | Noticed a shard shrike
  1494 | D        | Noticed a shard shrike
  1496 | D        | Noticed a juggernaut
  1496 | D        | a shard shrike changed into a juggernaut
  1498 | D        | Killed a shard shrike
  1499 | D        | Reached skill level 26 in Spellcasting
  1500 | D        | Noticed a shard shrike
  1500 | D        | a juggernaut changed into a titan
  1500 | D        | Noticed a shard shrike
  1500 | D        | a titan changed into a shard shrike
  1501 | D        | Noticed a juggernaut
  1501 | D        | Noticed a shard shrike
  1501 | D        | Noticed an iron giant
  1501 | D        | Noticed a caustic shrike
  1501 | D        | Noticed a shard shrike
  1501 | D        | Noticed a juggernaut
  1501 | D        | a shard shrike changed into a juggernaut
  1502 | D        | Noticed a shard shrike
  1502 | D        | a shard shrike changed into a titan
  1502 | D        | Noticed an iron giant
  1502 | D        | a juggernaut changed into an iron giant
  1504 | D        | Reached skill level 27 in Spellcasting
  1504 | D        | Noticed a shard shrike
  1504 | D        | a titan changed into a shard shrike
  1505 | D        | a shard shrike changed into a titan
  1506 | D        | Reached skill level 15 in Maces & Flails
  1506 | D        | Killed an iron giant
  1506 | D        | Noticed a caustic shrike
  1507 | D        | Reached skill level 16 in Maces & Flails
  1507 | D        | Reached skill level 16 in Evocations
  1507 | D        | Noticed a caustic shrike
  1507 | D        | an iron dragon changed into a caustic shrike
  1507 | D        | a caustic shrike changed into an iron dragon
  1508 | D        | Killed a caustic shrike
  1509 | D        | Reached skill level 17 in Maces & Flails
  1509 | D        | Reached skill level 17 in Evocations
  1509 | D        | Killed a caustic shrike
  1509 | D        | Noticed a shard shrike
  1509 | D        | Noticed a shard shrike
  1509 | D        | Noticed a juggernaut
  1509 | D        | a shard shrike changed into a juggernaut
  1510 | D        | Reached skill level 18 in Maces & Flails
  1510 | D        | Noticed a caustic shrike
  1510 | D        | an iron dragon changed into a caustic shrike
  1511 | D        | Found a transporter.
  1511 | D        | a shard shrike changed into a titan
  1512 | D        | a juggernaut changed into an iron dragon
  1512 | D        | a caustic shrike changed into an iron dragon
  1513 | D        | Reached skill level 19 in Maces & Flails
  1513 | D        | Reached skill level 18 in Evocations
  1513 | D        | Noticed a juggernaut
  1513 | D        | a shard shrike changed into a juggernaut
  1515 | D        | Noticed a caustic shrike
  1515 | D        | a juggernaut changed into a titan
  1515 | D        | Noticed a juggernaut
  1515 | D        | a titan changed into a juggernaut
  1515 | D        | Noticed a juggernaut
  1516 | D        | Reached skill level 20 in Maces & Flails
  1516 | D        | a caustic shrike changed into a titan
  1516 | D        | a juggernaut changed into a titan
  1517 | D        | Noticed a golden dragon
  1517 | D        | a titan changed into a golden dragon
  1519 | D        | Reached skill level 19 in Evocations
  1519 | D        | a juggernaut changed into a titan
  1519 | D        | Noticed a juggernaut
  1519 | D        | a titan changed into a juggernaut
  1519 | D        | a golden dragon changed into a shadow dragon
  1520 | D        | Noticed a golden dragon
  1520 | D        | a juggernaut changed into a golden dragon
  1520 | D        | Noticed a caustic shrike
  1520 | D        | a shadow dragon changed into a caustic shrike
  1521 | D        | Reached skill level 21 in Maces & Flails
  1521 | D        | Noticed a caustic shrike
  1521 | D        | a golden dragon changed into a caustic shrike
  1522 | D        | Killed a caustic shrike
  1523 | D        | Reached skill level 22 in Maces & Flails
  1523 | D        | Reached skill level 20 in Evocations
  1523 | D        | Noticed a golden dragon
  1523 | D        | a caustic shrike changed into a golden dragon
  1524 | D        | Killed a golden dragon
  1530 | D        | Reached skill level 23 in Maces & Flails
  1530 | D        | Reached XP level 19. HP: 151/151 MP: 24/50
  1539 | D        | Reached skill level 21 in Evocations
  1545 | D        | Reached skill level 24 in Maces & Flails
  1548 | D        | Got the +7 hand axe "Qiprotty" {chop, rC+ rN+ MR+}
  1555 | D        | Got the Papyrus of the Boosting Oath
  1565 | D        | Got the +9 dagger of Departure {pierce, +Fly rF+ Str+2
                  | SInv}
  1574 | D        | Got the Almanac of Congealing Evil
  1576 | D        | Got the Tome of the Bull
  1583 | D        | Got the Orb of Zot
  1592 | D        | Escaped with the Orb!

Skill      XL: |  1  2  3  4  5  6  7  8  9 10 11 12 13 14 15 16 17 18 19 |
---------------+----------------------------------------------------------+-----
Fighting       | 9 11 17 20 23 26 27 | 27.0
Armour         | 6 8 11 12 18 21 24 27 | 27.0
Shields        | 4 7 11 13 14 18 21 25 27 | 27.0
Maces & Flails | 11 12 14 23 24 | 24.2
Short Blades   | 4 8 |  8.0
Spellcasting   | 9 10 11 15 20 27 | 27.0
Evocations     | 6 14 15 20 21 | 21.6
Dodging        | 5 12 16 20 27 | 27.0
Stealth        | |  1.2
Unarmed Combat | |  3.6
Hexes          | |  1.1

Action                   |  1- 3 |  4- 6 |  7- 9 | 10-12 | 13-15 | 16-18 | 19-21 || total
-------------------------+-------+-------+-------+-------+-------+-------+-------++-------
Melee: Shillelagh        |     3 |    21 |    23 |   100 |   232 |   292 |    20 ||   691
Invok: Whirlwind         |     3 |    18 |    14 |    61 |   151 |   154 |    11 ||   412
       Lunge             |       |     3 |     5 |    16 |    24 |    46 |     1 ||    95
       Heavenly Storm    |       |       |     1 |     5 |     8 |     5 |       ||    19
 Abil: Serpent's Lash    |       |       |     1 |     5 |     7 |     7 |       ||    20
  Use: Scroll            |       |       |       |       |     1 |       |       ||     1
Armor: Storm dragon scal |     1 |       |       |       |       |       |       ||     1
       Plate armour      |       |     8 |     2 |    26 |    68 |    52 |     1 ||   157
Dodge: Dodged            |     1 |       |       |       |    18 |    32 |     2 ||    53
Block: Medium shield     |       |    24 |     6 |    49 |   159 |   231 |    12 ||   481
       Reflection        |       |       |       |       |     1 |    39 |       ||    40

Levels and vault maps discovered:
D:        sprint_v [room_start, room_1, room_2, room_3, room_4, room_5, room_6,
          room_7, room_8, room_9, room_10, room_11, room_12, room_13, room_14,
          room_15, room_16, room_17, room_18, room_19, room_20, room_21,
          room_22, room_23, room_24, room_25, room_26, room_27]

Table legend:
 A = Turns spent in this place as a percentage of turns spent in the entire game.
 B = Non-inter-level travel turns spent in this place as a percentage of non-inter-level travel turns spent in the entire game.
 C = Inter-level travel turns spent in this place as a percentage of turns spent in this place.
 D = Turns resting spent in this place as a percentage of non-inter-level travel turns spent in this place.
 E = Turns spent auto-exploring this place as a percentage of non-inter-level travel turns spent in this place.
 F = Non-inter-level travel turns spent in this place divided by the number of levels of this place that you've seen.
                   A       B       C       D       E      F
               +-------+-------+-------+-------+-------+----------------------
         Total | 100.0 | 100.0 |   0.0 |  13.2 |   2.7 | 1592.0
       Dungeon | 100.0 | 100.0 |   0.0 |  13.2 |   2.7 | 1592.0
               +-------+-------+-------+-------+-------+----------------------

Table legend:
 A = Kills in this place as a percentage of kills in entire the game.
 B = Kills by you in this place as a percentage of kills by you in the entire game.
 C = Kills by friends in this place as a percentage of kills by friends in the entire game.
 D = Other kills in this place as a percentage of other kills in the entire game.
 E = Experience gained in this place as a percentage of experience gained in the entire game.
 F = Experience gained in this place divided by the number of levels of this place that you have seen.
                   A       B       C       D       E      F
               +-------+-------+-------+-------+-------+----------------------
         Total | 100.0 | 100.0 |   N/A | 100.0 | 100.0 | 388364.0
       Dungeon | 100.0 | 100.0 |   N/A | 100.0 | 100.0 | 388364.0
               +-------+-------+-------+-------+-------+----------------------
